 Dungeon Crawl Stone Soup version 0.21-a0-364-gbd1fde4 (webtiles) character file.

51 HAL9000 the Sneak (level 3, 0/18 HPs)
             Began as a Vine Stalker Assassin on Oct 14, 2017.
             Succumbed to an adder's poison
             ... on level 2 of the Dungeon.
             The game lasted 00:02:28 (1755 turns).

HAL9000 the Sneak (Vine Stalker Assassin)           Turns: 1755, Time: 00:02:29

Health: 0/18       AC:  3    Str: 19    XL:     3   Next: 81%
Magic:  3/4        EV: 11    Int: 16    God:
Gold:   62         SH:  0    Dex: 15    Spells: 2/2 levels left

rFire    . . .     SeeInvis .   a - +2 dagger
rCold    . . .     Gourm    .   (no shield)
rNeg     . . .     Faith    .   c - +0 robe
rPois    .         Spirit   +   (no helmet)
rElec    .         Reflect  .   d - +0 cloak
rCorr    .         Harm     .   (no gloves)
MR       .....                  (no boots)
Stlth    +++.......             (no amulet)
HPRegen  0.06/turn              (no ring)
MPRegen  0.09/turn              (no ring)

@: mighty, brilliant, lethally poisoned (0 -> -7), berserk cooldown, slowed,
very slow
A: fangs 2, magic shield, antimagic bite, no potion heal 3, rot immunity
a: no special abilities


You were on level 2 of the Dungeon.
You were hungry.

You visited 1 branch of the dungeon, and saw 2 of its levels.

You collected 62 gold pieces.

Inventory:

Hand Weapons
 a - a +2 dagger (weapon)
 b - a +0 blowgun
Missiles
 e - 4 poisoned needles
 f - 2 curare-tipped needles
Armour
 c - a +0 robe (worn)
 d - a +0 cloak (worn)
Wands
 t - a wand of iceblast (4/15)
Scrolls
 k - a scroll of immolation {unknown}
 n - a scroll of magic mapping {unknown}
 o - a scroll of identify {unknown}
 p - a scroll of amnesia {unknown}
 s - a scroll of recharging {unknown}
Potions
 q - a potion of heal wounds
Comestibles
 g - 2 bread rations
 r - a chunk of flesh


   Skills:
 - Level 1.7 Fighting
 + Level 3.6 Short Blades
 - Level 1.7 Throwing
 - Level 0.7 Dodging
 - Level 4.8 Stealth


You had 2 spell levels left.
You didn't know any spells.

Dungeon Overview and Level Annotations

Branches:
Dungeon (2/15)

Altars:


Innate Abilities, Weirdness & Mutations

You have extremely sharp teeth.
When hurt, damage is shared between your health and your magic reserves.
Your bite disrupts and absorbs the magic of your enemies.
Potions cannot restore your health.
You are immune to rotting.


Message History

You kill the adder!
It was a potion of heal wounds.
That seemed strangely inert.
* * * LOW HITPOINT WARNING * * *
You feel sick.
It was a potion of berserk rage.
A red film seems to cover your vision as you go berserk!
You feel yourself moving faster!
You feel mighty!
There is a lethal amount of poison in your body!
There is a lethal amount of poison in your body!
You feel a strong urge to attack something.
* * * LOW HITPOINT WARNING * * *
You feel sick.
Things that are here:
a poisoned needle; 5 stones; an adder corpse
There is a lethal amount of poison in your body!
You are too berserk!
You feel your anger nearly subside.
You are no longer berserk.
You are exhausted.
You feel yourself slow down.
You die...

#...##.#.......#.#..
..............#.##.##
.............#.## #
............#.##
....[......#.##
.#.#..#...#.######..
#...######.#.......#
.#.#.$#...#.######.#
..(..8....#@##
?.....(.).(#.#
......8(.)..#.#
.............#.#
.....8........#.#
...............#..
................#.#
#.................#
###################


There were no monsters in sight!

Vanquished Creatures
  An adder (D:2)
  A worm (D:2)
  A leopard gecko (D:1)
  A ball python (D:1)
  2 bats
  2 giant cockroaches (D:1)
  6 goblins
  3 hobgoblins (D:1)
  4 jackals (D:1)
  A quokka (D:2)
  2 frilled lizards
  5 kobolds
  5 rats
34 creatures vanquished.

Notes
Turn   | Place    | Note
-------+----------+-------------------------------------------
     0 | D:1      | HAL9000 the Vine Stalker Assassin began the quest for the Orb.
     0 | D:1      | Reached XP level 1. HP: 11/11 MP: 2/2
   116 | D:1      | Reached XP level 2. HP: 10/15 MP: 1/3
   802 | D:1      | Reached XP level 3. HP: 13/18 MP: 2/4
  1752 | D:2      | HP: 1/27 [poisoned by an adder]
  1755 | D:2      | Succumbed to an adder's poison

Vault maps used:
D:1:      sevenhm_arrival_forest_fort_large_2
D:2:      wad_pebble_path, first_bread, minmay_misc_feat_encased, uniq_natasha

Skill      XL: |  1  2 |
---------------+-------+-----
Short Blades   | 2 3 |  3.6
Fighting       | |  1.7
Throwing       | |  1.7
Dodging        | |  0.7
Stealth        | |  4.8

Action                   || total
-------------------------++-------
Melee: Dagger            ||    79
       Bite              ||    22
       Short sword       ||     1
 Fire: Blowgun           ||     5
  Use: Potion            ||     4
       Scroll            ||     1
 Stab: Sleeping          ||     8
  Eat: Chunk             ||     2
Armor: Robe              ||    17
Dodge: Dodged            ||    46

Table legend:
 A = Spawn XP
 B = Non-spawn XP
 C = Spawn XP percentage of total XP
 D = Spawn monster count
 E = Non-spawn monster count
 F = Spawn count percentage of total count
 G = Total turns spent on level
                    A         B        C        D         E        F      G
               +---------+---------+-------+---------+---------+-------+---------
         Total |       0 |      73 |   0.0 |       0 |      34 |   0.0 |  1755
               +---------+---------+-------+---------+---------+-------+---------
           D:1 |       0 |      44 |   0.0 |       0 |      24 |   0.0 |  1449
           D:2 |       0 |      29 |   0.0 |       0 |      10 |   0.0 |   306
               +---------+---------+-------+---------+---------+-------+---------
